 Dungeon Crawl Stone Soup version 0.17.1-2-g5865329 (webtiles) character file.

680 Peloso the Shield-Bearer (level 7, -9/61 HPs)
             Began as a Minotaur Fighter on Jan 10, 2016.
             Killed by divine providence
             ... invoked by an orc priest
              (12 damage)
             ... on level 5 of the Dungeon.
             The game lasted 00:25:37 (3518 turns).

Peloso the Shield-Bearer (Minotaur Fighter)         Turns: 3518, Time: 00:25:37

Health: -9/61      AC: 22    Str: 21    XL:     7   Next: 34%
Magic:  6/6        EV:  3    Int: 12    God:
Gold:   254        SH: 15    Dex: 11    Spells: 0 memorised, 6 levels left

rFire  + . .     SeeInvis .     a - +1 long sword
rCold  . . .     Clarity  .     D - +9 plate armour of Parts Unknown {Int+7}
rNeg   . . .     SustAt   .     q - +0 large shield
rPois  .         Gourm    +     (helmet restricted)
rElec  .         Spirit   .     y - +0 cloak
rCorr  .         Warding  .     (no gloves)
rMut   .         Stasis   .     (no boots)
MR     +....                    E - amulet of the gourmand
Stlth  ..........               h - ring of protection from magic
                                v - ring of protection from fire

@: somewhat resistant to hostile enchantments, extremely unstealthy
A: retaliatory headbutt, horns 2
a: no special abilities


You were on level 5 of the Dungeon.
You were hungry.

You visited 1 branch of the dungeon, and saw 5 of its levels.

You collected 254 gold pieces.

Inventory:

Hand Weapons
 a - a +1 long sword (weapon)
Armour
 b - a +0 scale mail
 c - a +0 shield
 o - a +0 chain mail
 q - a +0 large shield (worn)
 y - a +0 cloak (worn)
 D - the +9 plate armour of Parts Unknown (worn) {Int+7}
   (You found it on level 5 of the Dungeon)

   It affects your intelligence (+7).
Jewellery
 f - an uncursed ring of see invisible
 h - a ring of protection from magic (right hand)
 m - an uncursed ring of fire
 p - an uncursed amulet of rage
 s - an uncursed amulet of clarity
 v - a ring of protection from fire (left hand)
 E - an amulet of the gourmand (around neck)
Scrolls
 j - a scroll of random uselessness
 l - 2 scrolls of identify
 n - a scroll of noise
 r - a scroll of remove curse
 w - 3 scrolls of enchant armour {unknown}
 z - a scroll of amnesia {unknown}
 A - 2 scrolls of teleportation {unknown}
Potions
 d - 2 potions of might
 g - 2 potions of berserk rage
 u - a potion of flight
 x - a potion of poison
 B - a potion of curing
Comestibles
 e - 4 bread rations
 i - 3 fruits
 k - a chunk of flesh
 t - 3 meat rations
 C - a royal jelly


   Skills:
 + Level 5.6 Fighting
 + Level 5.0 Long Blades
 + Level 5.2 Armour
 + Level 3.2 Dodging
 + Level 0.6 Stealth
 + Level 6.0 Shields


You had 6 spell levels left.
You didn't know any spells.

Dungeon Overview and Level Annotations

Branches:
Dungeon (5/15)
 Temple: D:4-7

Altars:
Elyvilon


Innate Abilities, Weirdness & Mutations

You reflexively headbutt those who attack you in melee.
You have a pair of horns on your head.


Message History

You slash the orc!
You kill the orc!
The orc throws a stone.
You block the stone.
The orc priest miscasts a cantrip.
You block the orc wizard's attack.
You slash the crimson imp!
You kill the crimson imp!
Your Long Blades skill increases to level 5!
Your Shields skill increases to level 6!
The orc priest calls down the wrath of Beogh upon you.
Something smites you!
* * * LOW HITPOINT WARNING * * *
The orc hits you but does no damage.
The orc wizard mumbles some strange words.
The orc wizard blinks!
The orc throws a stone.
You block the stone. The orc hits you but does no damage.
You hear a bark!
The orc priest invokes the aid of Beogh against you.
Something smites you!
You die...

,,,,,.........####....###......,,
,*,,,.........# ##....#........,,
,**,,.........###..............,,
,,*,,..l......##........#...,,,,,
*,,,,....Y..Y.Yl........#*,.****,
*,,,*...o...o..oo######..#*,****,
,,,,,........#)#o# ##.#*,,,,,,
,,,,,.....####o#(#######.#*,,,,,,
,<,,,........o.o@..>......,,,,,,,
,,,,,...#####..#########.#.,,,,,,
,,,,,...,,....#.,,,,,,,*....,,,,,
,***,##*#.....*.,,,,*,,,..,##****
,,**,,,*#.....*..,,,*,,,,,,*
,,,,**,*#.....*#.,,**,,,,,,******
,**,,,,*#.....,*..,*,,,,,,,,,,*,,
***,*,,,....,,,**,**,,,,,,***,*,,
* *,**,*****,,,,*,*,,,,******,*,,


You could see 2 orc priests, an orc wizard, 3 orcs and a giant gecko.

Vanquished Creatures
  Sigmund (D:3)
  A scorpion (D:4)
  A crimson imp (D:5)
  3 orc priests
  6 orc wizards
  4 worker ants (D:4)
  3 adders
  2 adder skeletons (D:5)
  3 worms
  18 orcs
  A ball python (D:1)
  6 giant cockroaches
  4 hobgoblins
  4 jackals (D:3)
  2 quokkas
  7 bats
  4 giant geckos
  A giant newt (D:1)
  8 goblins
  12 kobolds
  A quokka skeleton (D:4)
  6 rats
98 creatures vanquished.

Vanquished Creatures (others)
  An orc wizard (D:4)
1 creature vanquished.

Grand Total: 99 creatures vanquished

Notes
Turn   | Place    | Note
--------------------------------------------------------------
     0 | D:1      | Peloso the Minotaur Fighter began the quest for the Orb.
     0 | D:1      | Reached XP level 1. HP: 19/19 MP: 0/0
   278 | D:1      | Reached XP level 2. HP: 25/27 MP: 1/1
   365 | D:1      | Reached skill level 4 in Shields
   813 | D:2      | Reached XP level 3. HP: 31/33 MP: 2/2
  1503 | D:3      | Reached XP level 4. HP: 40/40 MP: 3/3
  1513 | D:3      | Reached skill level 1 in Dodging
  1519 | D:3      | Reached XP level 5. HP: 22/47 MP: 4/4
  2082 | D:3      | Noticed Sigmund
  2101 | D:3      | Killed Sigmund
  2101 | D:3      | Reached skill level 5 in Shields
  2101 | D:3      | Reached XP level 6. HP: 37/55 MP: 5/5
  2109 | D:3      | Found a white marble altar of Elyvilon.
  2725 | D:4      | Reached skill level 5 in Fighting
  2725 | D:4      | Reached skill level 5 in Armour
  3211 | D:4      | Reached XP level 7. HP: 61/61 MP: 6/6
  3434 | D:5      | Entered Level 5 of the Dungeon
  3441 | D:5      | Got a jewelled plate armour
  3487 | D:5      | Identified the +9 plate armour of Parts Unknown {Int+7} (You found it on level 5 of the Dungeon)
  3517 | D:5      | Reached skill level 5 in Long Blades
  3517 | D:5      | Reached skill level 6 in Shields
  3517 | D:5      | HP: 3/61 [orc priest/divine providence (12)]
  3518 | D:5      | Killed from afar by an orc priest

Action                   |  1- 3 |  4- 6 |  7- 9 || total
-------------------------+-------+-------+-------++-------
Melee: Long sword        |    83 |   138 |    19 ||   240
  Use: Potion            |     3 |       |       ||     3
       Scroll            |       |       |     9 ||     9
  Eat: Chunk             |     1 |     7 |       ||     8
